 Dungeon Crawl Stone Soup version 0.27.0-1-g7a089689b8 (webtiles) character file.

Game seed: 6879976258255085622

68 sanka the Slasher (level 4, -7/35 HPs)
             Began as a Djinni Fighter on Aug 5, 2021.
             Killed from afar by a white imp (10 damage)
             ... with a puff of frost
             ... summoned by Natasha
             ... on level 1 of the Dungeon.
             The game lasted 00:01:50 (1809 turns).

sanka the Slasher (Djinni Fighter)                  Turns: 1809, Time: 00:01:50

Health: -7/35      AC:  6    Str: 15    XL:     4   Next: 41%
Gold:   54         EV:  6    Int: 11    God:
                   SH:  8    Dex: 12

rFire    + + .     SeeInvis .   a - +0 long sword
rCold    x . .     Faith    .   c - +0 kite shield
rNeg     . . .     Spirit   .   b - +0 scale mail
rPois    ∞         Reflect  .   (no helmet)
rElec    .         Harm     .   (no cloak)
rCorr    .         Rampage  .   (no gloves)
Will     .....                  (boots unavailable)
Stlth    ..........             (no amulet)
HPRegen  0.11/turn              (no ring)
MPRegen  0.00/turn              (no ring)

@: flying, slowed, very slow
A: sickness immunity, fire resistance 2, cold vulnerability 1, float, innate
caster, hp casting, extra vitality 1
a: no special abilities


You were on level 1 of the Dungeon.
You visited 1 branch of the dungeon, and saw 2 of its levels.

You collected 54 gold pieces.


Innate Abilities, Weirdness & Mutations

You are immune to sickness and miasma.
You are immune to poison.
Your flesh is very heat resistant. (rF++)
You are vulnerable to cold. (rC-)
You float through the air rather than walking.
You learn spells naturally, not from books.
Your magical power is your life essence.
You have superior vitality. (+4 HP)


   Skills:
 - Level 3.0 Fighting
 + Level 3.9 Long Blades
 - Level 3.0 Armour
 - Level 3.0 Shields
 - Level 0.2 Spellcasting


You had 2 spell levels left.
You knew the following spells:

 Your Spells              Type           Power      Damage    Failure   Level
z - Summon Small Mammal   Summ           0%         N/A       99%         1
Your spell library was empty.

Inventory:

Hand Weapons
 a - a +0 long sword (weapon)
Armour
 b - a +0 scale mail (worn)
 c - a +0 kite shield (worn)
Scrolls
 e - 3 scrolls of teleportation {unknown}
 f - a scroll of magic mapping {unknown}
 i - a scroll of identify {unknown}
Potions
 d - 2 potions of might
 g - 4 potions of brilliance {unknown}
 h - a potion of heal wounds {unknown}

Dungeon Overview and Level Annotations

Branches:
Dungeon (2/15)

Altars:

Annotations:
D:1 Natasha

▒▒▒▒▒▒▒ ▒▒▒▒.....▒
▒....▒▒▒5▒▒▒▒▒▒▒▒▒▒ ▒.▒▒.▒
▒5Rh.......▒
▒.▒▒.▒▒▒.▒▒▒▒▒▒▒▒.▒
▒.▒▒.....▒ ▒▒▒▒.▒▒▒▒
▒▒▒▒▒▒▒▒.▒▒▒▒▒▒.▒▒ ▒.......▒
▒..............▒.▒▒▒▒[▒▒▒▒..▒
▒.▒...▒▒.▒▒▒▒.▒▒▒...........▒
...†..▒▒.▒ ▒▒▒.▒.▒▒▒▒.▒▒▒▒..▒
▒.▒...▒▒.▒ ▒............▒▒..▒
▒.▒▒.▒▒▒.▒
▒.▒▒▒▒▒▒▒▒.▒.▒▒..▒▒▒▒▒


You could see Natasha, a crimson imp (summoned) and a white imp (summoned).


Message History

Natasha claws you but does no damage.
Unknown command.
You closely miss Natasha.
Natasha is almost dead.
Natasha claws you.
* * * LOW HITPOINT WARNING * * *
The crimson imp hits you but does no damage.
Natasha casts a spell at you.
You feel as though you will be slow longer.
The crimson imp blinks!
You closely miss Natasha.
Natasha is almost dead.
Natasha casts a spell.
Natasha claws you.
* * * LOW HITPOINT WARNING * * *
The crimson imp blinks!
Unknown command.
You hit Natasha but do no damage.
Natasha is almost dead.
Natasha casts a spell at you. You resist with some effort.
You block the white imp's attack. Natasha claws you.
* * * LOW HITPOINT WARNING * * *
The crimson imp hits you.
* * * LOW HITPOINT WARNING * * *
The white imp gestures at you. The puff of frost hits you!
You feel a terrible chill!
You die...

Action                   |  1- 3 |  4- 6 || total
-------------------------+-------+-------++-------
Melee: Long sword        |    81 |    45 ||   126
Armor: Scale mail        |    47 |    23 ||    70
Dodge: Dodged            |    17 |    10 ||    27
Block: Kite shield       |    46 |    25 ||    71
       Rpst.: Long sword |     5 |     1 ||     6

Levels and vault maps discovered:
D:1:      eino_arrival_water_cross, layout_loops_ring,
          hangedman_abyss_or_decor_stabs, hangedman_decor_points
D:2:      minmay_chambers_of_twos, layout_loops_ring,
          hellmonk_ecumenical_altar_watching_god, uniq_natasha

Notes
Turn   | Place    | Note
-------+----------+-------------------------------------------
     0 | D:1      | sanka the Djinni Fighter began the quest for the Orb.
     0 | D:1      | Reached XP level 1. HP: 20/20 MP: 0/0
    12 | D:1      | Reached skill level 2 in Long Blades
   335 | D:1      | Reached XP level 2. HP: 25/25 MP: 0/0
   618 | D:2      | Reached skill level 3 in Long Blades
   618 | D:2      | Reached XP level 3. HP: 15/30 MP: 0/0
   618 | D:2      | Learned a level 1 spell: Summon Small Mammal
  1139 | D:2      | Noticed Natasha
  1156 | D:2      | Killed Natasha
  1157 | D:2      | Reached XP level 4. HP: 6/35 MP: 0/0
  1412 | D:2      | Found a faded altar of an unknown god.
  1413 | D:2      | Noticed a floating eye
  1417 | D:2      | Noticed a great orb of eyes
  1417 | D:2      | Noticed an eye of devastation
  1417 | D:2      | Noticed a shining eye
  1780 | D:2      | Noticed Natasha
  1809 | D:1      | HP: 3/35 [crimson imp[Natasha] (1)]
  1809 | D:1      | Killed from afar by a white imp

Vanquished Creatures
  Natasha (D:2)
  An adder (D:2)
  A worm (D:2)
  2 dart slugs
  A ball python (D:2)
  3 endoplasms
  2 giant cockroaches
  A goblin (D:2)
  3 hobgoblins
  2 quokkas
  4 bats
  4 frilled lizards
  A kobold (D:2)
  3 rats
29 creatures vanquished.
